 Dungeon Crawl Stone Soup version 0.27.1-35-g4d5d836560 (webtiles) character file.

Game seed: 15596117448118731178

149 croobank the Firebug (level 5, -36/54 HPs)
             Began as a Demonspawn Fire Elementalist on June 20, 2022.
             Killed by an exploding lemure (37 damage)
             ... ignited by their inner flame
             ... on level 4 of the Dungeon.
             The game lasted 00:09:57 (3196 turns).

croobank the Firebug (Demonspawn Fire Elementalist) Turns: 3196, Time: 00:10:03

Health: -36/54     AC: 22    Str:  6 (8)  XL:     5   Next: 9%
Magic:  2/10       EV:  2    Int: 16 (18) God:
Gold:   90         SH:  0    Dex: 11 (13) Spells: 8/9 levels left

rFire    . . .     SeeInvis .   c - +1 hand axe
rCold    . . .     Faith    .   (no shield)
rNeg     + + +     Spirit   .   (armour currently unavailable)
rPois    +         Reflect  .   (helmet currently unavailable)
rElec    .         Harm     .   (cloak currently unavailable)
rCorr    .         Rampage  .   (gloves currently unavailable)
Will     .....     NoTele   +   (boots currently unavailable)
Stlth    ++........             (no amulet)
HPRegen  0.18/turn              (no ring)
MPRegen  0.12/turn              (no ring)

@: tree-form
A: stationary, stasis, torment immunity, boosted hp, (talons 1), ignite blood 2,
(sanguine armour 1), high mp 1
a: no special abilities


You were on level 4 of the Dungeon.
You were a tree.
You visited 1 branch of the dungeon, and saw 4 of its levels.

You collected 90 gold pieces.

Inventory:

Hand Weapons
 c - a +1 hand axe (weapon)
 f - a +0 dagger
Missiles
 e - 131 stones
 j - 22 bolts
 k - 33 arrows
Armour
 a - a +1 robe (melded)
 h - the +0 hat of Theory (melded) {rPois rCorr Stlth-}
   (You acquired it on level 3 of the Dungeon)

   rPois:     It protects you from poison.
   rCorr:     It protects you from acid and corrosion.
   Stlth:     It makes you less stealthy.
Scrolls
 n - 3 scrolls of enchant armour
Potions
 d - a potion of lignification
 g - a potion of attraction


   Skills:
 + Level 0.6 Fighting
 + Level 1.3 Axes
 + Level 2.2 Dodging
 + Level 2.2 Stealth
 + Level 2.8 Spellcasting
 + Level 2.1 Conjurations
 + Level 3.6 Fire Magic


You had 8 spell levels left.
You knew the following spells:

 Your Spells              Type           Power      Damage    Failure   Level
a - Foxfire               Conj/Fire      44%        2x1d6     6%          1

Your spell library contained the following spells:

 Spells                   Type           Power      Damage    Failure   Level
 Conjure Flame            Conj/Fire      11%        6-21      19%         3
 Inner Flame              Hex/Fire       8%         N/A       26%         3
 Sticky Flame             Conj/Fire      11%        2d3       52%         4
 Fireball                 Conj/Fire      5%         3d5       86%         5


Dungeon Overview and Level Annotations

Branches:
Dungeon (4/15)
 Temple: D:4-7

Altars:
Xom

Annotations:
D:4 Pikel


Innate Abilities, Weirdness & Mutations

You are a tree.
Your roots penetrate the ground, keeping you stationary.
You cannot be teleported.
You are immune to unholy pain and torment.
Your maximum health is greatly increased.
Your equipment is partially melded.
((You have sharp toenails.))
Your demonic aura often causes spilled blood to erupt in flames.
((When seriously injured, your bleeding wounds create armour. (AC +0)))
You have an increased reservoir of magic. (+10% MP)


Message History

You hit Pikel but do no damage. You barely miss the lemure.
You miss the lemure.
The lemure hits you but does no damage. x2
Pikel hits you with a +0 whip of flaming.
* * * LOW HITPOINT WARNING * * *
Pikel burns you.
* * * LOW HITPOINT WARNING * * *
You closely miss Pikel. You hit the lemure.
Flame seeps out of the lemure.
You hit the lemure.
Flame seeps out of the lemure.
You hit the lemure but do no damage.
The lemure is engulfed in blazing flames.
Flame seeps out of the lemure.
The lemure hits you but does no damage. Pikel hits you but does no damage.
The lemure is engulfed in blazing flames.
Flame seeps out of the lemure.
The lemure hits you.
* * * LOW HITPOINT WARNING * * *
The lemure is engulfed in blazing flames.
Flame seeps out of the lemure.
The lemure completely misses you. What are your orders? t - Creak!
Orders for allies: a - Attack new target. r - Retreat! s - Stop attacking. g - Guard the area. f - Follow me.
Anything else - Cancel.
Retreat in which direction?
Press: ? - help, Dir - move target, f - you
Okay, then.
Okay, then.
You hit Pikel.
Flame seeps out of Pikel.
Pikel is lightly wounded.
You hit the lemure.
Flame seeps out of the lemure.
You hit the lemure.
Flame seeps out of the lemure.
You hit the lemure but do no damage. You closely miss the lemure.
The lemure hits you.
* * * LOW HITPOINT WARNING * * *
Pikel is engulfed in blazing flames.
Flame seeps out of Pikel.
Pikel hits you but does no damage.
The lemure is engulfed in blazing flames.
The lemure explodes!
The fiery explosion engulfs you!!!
Ouch! That really hurt!
You die...

#####.#..
........######
.............#
.............#
.............+
.............#
......55K....#
.....§°♣5....#
.....§§#.....#
####### .....#
.....# .....#
######


You could see Pikel (inner flame) and 3 lemures.

Vanquished Creatures
  A lemure (D:4)
  A bullfrog zombie (D:3)
  Terence (D:3)
  An adder (D:2)
  3 worms (D:2)
  4 dart slugs (D:1)
  2 orcs
  7 bats
  3 endoplasms
  3 giant cockroaches
  A goblin (D:1)
  2 hobgoblins (D:1)
  6 jackals
  2 quokkas (D:1)
  7 ball pythons
  5 frilled lizards
  6 kobolds
  10 rats
65 creatures vanquished.

Vanquished Creatures (others)
  141 foxfires
141 creatures vanquished.

Grand Total: 206 creatures vanquished

Notes
Turn   | Place    | Note
-------+----------+-------------------------------------------
     0 | D:1      | croobank the Demonspawn Fire Elementalist began the quest
                  | for the Orb.
     0 | D:1      | Reached XP level 1. HP: 13/13 MP: 3/3
   176 | D:1      | Reached skill level 3 in Fire Magic
   182 | D:1      | Gained mutation: When seriously injured, your bleeding
                  | wounds create armour. (AC +0) [demonic ancestry]
   182 | D:1      | Reached XP level 2. HP: 16/19 MP: 0/5
   786 | D:1      | Gained mutation: Your demonic aura sometimes causes spilled
                  | blood to erupt in flames. [demonic ancestry]
   786 | D:1      | Reached XP level 3. HP: 24/24 MP: 3/6
  1210 | D:1      | Found a faded altar of an unknown god.
  2182 | D:2      | Found a shimmering altar of Xom.
  2251 | D:2      | Gained mutation: You have sharp toenails. [demonic
                  | ancestry]
  2251 | D:2      | Reached XP level 4. HP: 12/30 MP: 5/7
  2753 | D:3      | Reached skill level 1 in Axes
  2937 | D:3      | Identified a scroll of acquirement
  2937 | D:3      | Acquired the +0 hat of Theory {rPois rCorr Stlth-}
  3152 | D:3      | Noticed Terence
  3166 | D:3      | Killed Terence
  3167 | D:3      | Gained mutation: Your demonic aura often causes spilled
                  | blood to erupt in flames. [demonic ancestry]
  3167 | D:3      | Reached XP level 5. HP: 10/36 MP: 3/9
  3180 | D:4      | Noticed a lemure
  3184 | D:4      | Noticed Pikel
  3186 | D:4      | Noticed a lemure
  3187 | D:4      | Noticed a lemure
  3188 | D:4      | Noticed a lemure
  3191 | D:4      | Gained mutation: You have an increased reservoir of magic.
                  | (+10% MP) [potion of mutation]
  3195 | D:4      | HP: 1/54 [lemure[Pikel] (2)]
  3196 | D:4      | Killed a lemure
  3196 | D:4      | Killed by an exploding lemure... ignited by their inner
                  | flame

Illustrated notes

Levels and vault maps discovered:
D:1:      wander_arrival_estate, layout_basic,
          shapermc_ecumenical_altar_hornbeckon
D:2:      layout_loops_corners, basic_altar
D:3:      layout_rooms, solitary_fountain, uniq_sigmund, uniq_terence
D:4:      layout_basic, mainiacjoe_overflow_alcove_2,
          chequers_temple_overflow_statue_of_worship, serial_undead,
          serial_undead_d, serial_undead_d, serial_undead_a, serial_undead_e,
          uniq_blork_the_orc, uniq_pikel

Skill      XL: |  1  2  3  4 |
---------------+-------------+-----
Fire Magic     | 3 |  3.6
Dodging        | 2 |  2.2
Stealth        | 2 |  2.2
Axes           | 1 |  1.3
Conjurations   | 2 |  2.1
Fighting       | |  0.6
Spellcasting   | |  2.8

Action                   |  1- 3 |  4- 6 || total
-------------------------+-------+-------++-------
Melee: Hand axe          |    53 |    25 ||    78
       Unarmed           |     2 |       ||     2
       Kick              |       |     5 ||     5
 Cast: Foxfire           |    54 |    25 ||    79
  Use: Scroll            |       |    11 ||    11
       Potion            |       |     3 ||     3
 Stab: Sleeping          |     1 |       ||     1
Armor: Robe              |     9 |    11 ||    20
       Skin              |       |    38 ||    38
Dodge: Dodged            |    41 |    13 ||    54
